[Event "Titled Tuesday Blitz August 17 2021"]
[White "Moreira, Ronaldo Alonso"]
[Black "Yordanov, Nikolay Plamenov"]
[WhiteFideId "2110547"]
[BlackFideId "2907445"]
[WhiteElo "2037"]
[BlackElo "2248"]
[Result "1-0"]
[Round "03"]
[TimeControl "180+1"]
[Date "2021.08.18"]
[WhiteClock "0:00:05"]
[BlackClock "0:00:19"]

1. d4 Nf6 2. c4 g6 3. Nc3 Bg7 4. e4 d6 5. Nf3 O-O 6. h3 e5 7. d5 a5 8. Bg5 Na6 9. Rg1 Qe8 10. g4 Nd7 11. a3 f6 12. Be3 b6 13. Be2 Bb7 14. h4 Ndc5 15. h5 g5 16. Nd2 h6 17. Kf1 c6 18. dxc6 Bxc6 19. f3 Rb8 20. Kg2 Ne6 21. Nd5 Bxd5 22. cxd5 Nec7 23. Nc4 Qd7 24. Nxb6 Qe7 25. Nc4 Nc5 26. Qc2 Nb3 27. Rab1 Nd4 28. Bxd4 exd4 29. Nxa5 Rbc8 30. Nc6 Qd7 31. b4 f5 32. gxf5 Be5 33. b5 Qf7 34. b6 Qxh5 35. bxc7 Qh2+ 36. Kf1 Rxc7 37. Bd3 Qh3+ 38. Qg2 Qh5 39. Qg4 Qf7 40. Rh1 Kg7 41. Qh5 Qf6 42. Qg6+ Qxg6 43. fxg6 Rxf3+ 44. Ke2 Re3+ 45. Kd2 Bf4 46. Kc2 Kxg6 47. Rb8 Kg7 48. Re8 Rg3 49. Re7+ Kf6 50. Rxc7 Rg2+ 51. Kb3 Rd2 52. Kc4 Ra2 53. Nb4 Rxa3 54. Kb5 Bd2 55. Bc4 Bc3 56. Rc6 Ke5 57. Rc7 Kxe4 58. Re7+ Kf4 59. Rxh6 g4 60. Rf6+ Kg3 61. Rg7 d3 62. Bxd3 Bxf6 63. Rg6 Be5 64. Bf5 Rb3 65. Rxg4+ Kf2 66. Kc4 Rb1 67. Be6 Kf3 68. Rg6 Rc1+ 69. Kb5 Rc5+ 70. Kb6 Bc3 71. Nc6 Rc4 72. Rg8 Ke3 73. Rf8 Bg7 74. Rf7 Bc3 75. Kc7 Bb4 76. Kd7 Bc5 77. Rf5 Ra4 78. Rh5 Ra8 79. Rh3+ Kf4 80. Rh1 Kg5 81. Rf1 Rh8 82. Rb1 Rh7+ 83. Ne7 Kf6 84. Rf1+ Kg5 85. Rf3 Bd4 86. Rf5+ Kh4 87. Kxd6 Bf2 88. Rf7 Kg3 89. Rxh7 Bc5+ 90. Kxc5 1-0


[Site "https://www.chess.com"]

[Event "Titled Tuesday Blitz August 17 2021"]
[White "Moroni, Luca Jr"]
[Black "Krasilnikov, Evgeni"]
[WhiteFideId "865834"]
[BlackFideId "4139739"]
[WhiteElo "2491"]
[BlackElo "2295"]
[Result "1-0"]
[Round "03"]
[TimeControl "180+1"]
[Date "2021.08.17"]
[WhiteClock "0:00:06"]
[BlackClock "0:00:02"]

1. d4 Nf6 2. c4 g6 3. Nc3 Bg7 4. e4 d6 5. Bd3 O-O 6. Nge2 Nc6 7. O-O Nd7 8. Bc2 e5 9. d5 Ne7 10. Be3 f5 11. f4 exf4 12. Nxf4 Ne5 13. Qe2 fxe4 14. Nxe4 Bg4 15. Rf3 Nxf3+ 16. gxf3 Bd7 17. Ng5 Nf5 18. Nge6 Bxe6 19. Nxe6 Qe7 20. Bf2 Be5 21. f4 Bg7 22. Re1 Rf7 23. Qg4 Qf6 24. h4 Qxb2 25. Bb1 Nh6 26. Qg2 Rf5 27. Bxf5 Nxf5 28. h5 Kf7 29. Ng5+ Kg8 30. Nxh7 Kxh7 31. Qxg6+ Kh8 32. Qxf5 Rg8 33. Kf1 Qxa2 34. Qd3 Qb2 35. h6 Bf6 36. Re6 Qa1+ 37. Ke2 Qb2+ 38. Kf3 Qc3 39. Qxc3 Bxc3 40. Re7 Rc8 41. Kg4 a5 42. Kf5 a4 43. Re3 Bd4 44. Rf3 Bxf2 45. Rxf2 a3 46. Ke6 Ra8 47. Ra2 Kh7 48. Kd7 Kxh6 49. Kxc7 Kg6 50. Kxd6 Kf5 51. c5 Kxf4 52. Kc7 Ke5 53. Kxb7 Ra4 54. d6 Ke6 55. Kc6 Ra6+ 56. Kb5 Ra8 57. Kb4 Kd7 58. Rxa3 Rb8+ 59. Kc4 Rc8 60. Ra7+ Ke6 61. Re7+ Kf6 62. Kd5 Rb8 63. Re1 Rc8 64. d7 Rd8 65. c6 Ra8 66. Kd6 1-0


[Site "https://www.chess.com"]

[Event "Titled Tuesday Blitz August 17 2021"]
[White "Murzin, Volodar"]
[Black "Federzoni, Enzo"]
[WhiteFideId "44155573"]
[BlackFideId "2173301"]
[WhiteElo "2541"]
[BlackElo "1956"]
[Result "1-0"]
[Round "03"]
[TimeControl "180+1"]
[Date "2021.08.17"]
[WhiteClock "0:00:50"]
[BlackClock "0:00:31"]

1. e4 c5 2. Nf3 d6 3. Bb5+ Bd7 4. Bxd7+ Nxd7 5. O-O Ngf6 6. Qe2 Rc8 7. c4 g6 8. b3 Bg7 9. Bb2 e5 10. Nc3 O-O 11. Nb5 Qb6 12. a4 a6 13. a5 Qd8 14. Nc3 Nb8 15. Nd5 Nc6 16. Bc3 Nxd5 17. cxd5 Nd4 18. Bxd4 cxd4 19. b4 f5 20. Rfc1 h6 21. d3 Qd7 22. Nd2 f4 23. f3 Qb5 24. Nc4 Qxb4 25. Qd1 Rfd8 26. Rab1 Rxc4 27. Rxc4 Qxa5 28. Rxb7 Bf8 29. h3 Qa2 30. Ra4 Qa1 1-0


[Site "https://www.chess.com"]

[Event "Titled Tuesday Blitz August 17 2021"]
[White "Navalgund, Niranjan"]
[Black "Giroyan, Gary"]
[WhiteFideId "5030854"]
[BlackFideId "680281"]
[WhiteElo "2290"]
[BlackElo "2420"]
[Result "1-0"]
[Round "03"]
[TimeControl "180+1"]
[Date "2021.08.18"]
[WhiteClock "0:00:20"]
[BlackClock "0:00:04"]

1. Nf3 Nf6 2. g3 g6 3. Bg2 Bg7 4. O-O O-O 5. d3 b6 6. Ne5 c6 7. c4 Bb7 8. Nc3 d6 9. Nf3 Nbd7 10. Rb1 c5 11. a3 e5 12. b4 Re8 13. Bb2 e4 14. Nd2 Rb8 15. Ndxe4 Nxe4 16. Nxe4 Bxb2 17. Rxb2 Bxe4 18. dxe4 Ne5 19. Qd5 Qf6 20. Rd2 cxb4 21. axb4 Rbc8 22. Rc1 b5 23. Qxd6 Qxd6 24. Rxd6 Rxc4 25. Rxc4 bxc4 26. f4 Ng4 27. Rc6 Rd8 28. Bf3 Ne3 29. e5 Rb8 30. Kf2 Nd1+ 31. Ke1 Nb2 32. Bd5 Rxb4 33. Rc7 a5 34. Bxf7+ Kf8 35. Bd5 a4 36. e6 Rb6 37. Kd2 a3 38. Ra7 Rd6 39. e4 h5 40. Rxa3 Nd3 41. Ra8+ Ke7 42. Ra7+ Ke8 43. Kc3 Nc5 44. Kxc4 Nxe6 45. e5 Rb6 46. Ra8+ Ke7 47. Ra7+ Ke8 48. Bxe6 Rxe6 49. Kd5 Rb6 50. Rg7 Rb2 51. Ke6 Kf8 52. Rxg6 Rxh2 53. Kf5 Rb2 54. Rg5 Kf7 55. Rxh5 Rb3 56. Rh7+ Kg8 57. Ra7 Rxg3 58. Kf6 Rf3 59. f5 Rc3 60. Ra8+ Kh7 61. e6 Rc7 62. Rd8 Rb7 63. Rd7+ 1-0


[Site "https://www.chess.com"]

[Event "Titled Tuesday Blitz August 17 2021"]
[White "Nayem, Haque"]
[Black "Rustemov, Alexander"]
[WhiteFideId "10217754"]
[BlackFideId "4119002"]
[WhiteElo "1982"]
[BlackElo "2708"]
[Result "1-0"]
[Round "03"]
[TimeControl "180+1"]
[Date "2021.08.17"]
[WhiteClock "0:00:56"]
[BlackClock "0:00:21"]

1. d4 g6 2. c4 Bg7 3. Nf3 f5 4. g3 Nf6 5. Bg2 d6 6. O-O O-O 7. Nc3 Nc6 8. d5 Na5 9. Nd2 c5 10. Qc2 e5 11. dxe6 Bxe6 12. b3 d5 13. cxd5 Nxd5 14. Bb2 Nb4 15. Qc1 Qe7 16. Na4 Rac8 17. Bxg7 Kxg7 18. a3 Nd5 19. Bxd5 Bxd5 20. Qc3+ Rf6 21. Qxa5 Qxe2 22. Rfe1 Qd3 23. Re3 Qc2 24. Qc3 Qxc3 25. Nxc3 Bc6 26. Nc4 Rd8 27. Rae1 f4 28. Re7+ Kh6 29. Ne5 Rf5 30. Nf7+ Kh5 31. Nxd8 fxg3 32. hxg3 Bf3 33. R7e5 Kg4 34. Rxf5 gxf5 35. Ne6 b6 36. Nf4 h5 37. Re6 h4 38. Rg6# 1-0


[Site "https://www.chess.com"]

[Event "Titled Tuesday Blitz August 17 2021"]
[White "Nesterov, Arseniy"]
[Black "Perrine, Dalton"]
[WhiteFideId "24198455"]
[BlackFideId "2048434"]
[WhiteElo "2477"]
[BlackElo "2464"]
[Result "1-0"]
[Round "03"]
[TimeControl "180+1"]
[Date "2021.08.17"]
[WhiteClock "0:00:11"]
[BlackClock "0:00:01"]

1. d4 d5 2. c4 c6 3. Nf3 Nf6 4. e3 e6 5. Nc3 Nbd7 6. Bd3 dxc4 7. Bxc4 b5 8. Be2 Bd6 9. O-O Bb7 10. e4 b4 11. e5 bxc3 12. bxc3 Nd5 13. exd6 Nxc3 14. Qd3 Nxe2+ 15. Qxe2 O-O 16. Rb1 Nb6 17. Ba3 Re8 18. Rfc1 f6 19. Bc5 Qd7 20. h3 Nd5 21. a4 a5 22. Qd2 Ba6 23. Ne1 e5 24. dxe5 Rxe5 25. Nf3 Re2 26. Qxa5 g5 27. Re1 Nf4 28. Nd4 Ra2 29. Re7 Nxh3+ 30. gxh3 Qxh3 31. Re3 Qh4 32. Rg3 Qf4 33. Ne6 Qe5 34. Re1 1-0


[Site "https://www.chess.com"]

[Event "Titled Tuesday Blitz August 17 2021"]
[White "Nguyen, Hong Anh"]
[Black "Preotu, Razvan"]
[WhiteFideId "12406732"]
[BlackFideId "2613280"]
[WhiteElo "1974"]
[BlackElo "2407"]
[Result "0-1"]
[Round "03"]
[TimeControl "180+1"]
[Date "2021.08.17"]
[WhiteClock "0:01:30"]
[BlackClock "0:01:55"]

1. d4 Nf6 2. c4 g6 3. Nf3 Bg7 4. g3 c6 5. Bg2 d5 6. O-O O-O 7. Nc3 Ne4 8. Nxe4 dxe4 9. Ng5 Qxd4 10. Qxd4 Bxd4 11. Nxe4 Be6 12. Bh6 Rd8 13. Rfd1 Na6 14. Rac1 Bxb2 15. Rxd8+ Rxd8 16. Rb1 Bg7 17. Bxg7 Kxg7 0-1


[Site "https://www.chess.com"]

[Event "Titled Tuesday Blitz August 17 2021"]
[White "Nitin, S."]
[Black "Lintchevski, Daniil"]
[WhiteFideId "5018277"]
[BlackFideId "4171055"]
[WhiteElo "2431"]
[BlackElo "2494"]
[Result "0-1"]
[Round "03"]
[TimeControl "180+1"]
[Date "2021.08.17"]
[WhiteClock "0:00:03"]
[BlackClock "0:00:20"]

1. e4 c5 2. Nf3 Nf6 3. e5 Nd5 4. Nc3 e6 5. Bc4 Nb6 6. Be2 d6 7. O-O Nc6 8. exd6 Bxd6 9. Ne4 Be7 10. d3 Nd5 11. c4 Nf6 12. Nc3 b6 13. Be3 O-O 14. d4 Ng4 15. d5 Nxe3 16. fxe3 Na5 17. e4 exd5 18. cxd5 f6 19. a3 c4 20. Kh1 a6 21. Nd4 b5 22. Bg4 Bc5 23. Be6+ Kh8 24. Nce2 Qd6 25. Nf5 Qe5 26. Nf4 g6 27. Nh4 Qg5 28. g3 Bd6 29. Nf3 Qh6 30. Nd4 Nb3 31. Bxc8 Raxc8 32. Nxb3 cxb3 33. Ne6 Bxg3 34. Kg2 Qxh2+ 35. Kf3 Rc2 36. Rg1 Qf2+ 37. Kg4 h5+ 0-1


[Site "https://www.chess.com"]

[Event "Titled Tuesday Blitz August 17 2021"]
[White "Nogerbek, Kazybek"]
[Black "Matthiesen, Martin"]
[WhiteFideId "13710427"]
[BlackFideId "1404067"]
[WhiteElo "2436"]
[BlackElo "2337"]
[Result "1-0"]
[Round "03"]
[TimeControl "180+1"]
[Date "2021.08.17"]
[WhiteClock "0:01:41"]
[BlackClock "0:02:25"]

1. d4 Nf6 2. c4 e6 3. Nc3 Bb4 4. Qc2 O-O 5. a3 Bxc3+ 6. Qxc3 d5 7. Bg5 dxc4 8. Qxc4 b6 9. Nf3 Ba6 10. Qa4 h6 11. Bh4 Qe7 12. Rc1 Rd8 13. Bxf6 gxf6 14. e3 Bxf1 15. Kxf1 c5 16. dxc5 bxc5 17. Qg4+ Kh7 18. Qe4+ Kg7 19. Qxa8 Qd7 20. Qe4 1-0


[Site "https://www.chess.com"]

[Event "Titled Tuesday Blitz August 17 2021"]
[White "Novikova, Galina"]
[Black "Golubev, Mikhail"]
[WhiteFideId "4157095"]
[BlackFideId "14100983"]
[WhiteElo "1907"]
[BlackElo "2374"]
[Result "1/2-1/2"]
[Round "03"]
[TimeControl "180+1"]
[Date "2021.08.18"]
[WhiteClock "0:00:09"]
[BlackClock "0:00:10"]

1. e4 c5 2. Nf3 d6 3. d4 Nf6 4. Nc3 cxd4 5. Nxd4 g6 6. Be2 Bg7 7. h4 h5 8. Be3 Nc6 9. Qd2 Ng4 10. Bxg4 Bxg4 11. f3 Bd7 12. O-O-O Rc8 13. f4 Bg4 14. Rdf1 Qa5 15. Kb1 O-O 16. Nb3 Bxc3 17. bxc3 Qa4 18. Qd3 f5 19. Qd5+ Kh7 20. e5 dxe5 21. fxe5 Rcd8 22. Nc5 Rxd5 23. Nxa4 Nxe5 24. Bg5 Nc6 25. c4 Rd4 26. Nb2 e5 27. Re1 e4 28. Rhf1 b6 29. c3 Rd7 30. Rxe4 fxe4 31. Rxf8 Kg7 32. Re8 Bf5 33. Kc1 Kf7 34. Rc8 Ne5 35. Rh8 Ng4 36. Rh7+ Ke6 37. Rxd7 Kxd7 38. Nd1 Kc6 39. Kd2 Kc5 40. Ne3 Nxe3 41. Bxe3+ Kxc4 42. Bg5 b5 43. a3 a5 44. Be7 a4 45. Bf8 Kb3 46. Bb4 Kc4 47. Ke3 Kb3 48. g3 Kc4 49. Ba5 Kd5 50. Bb4 Be6 51. Ba5 Bd7 52. Bb4 Bc8 53. Ba5 Bg4 54. Bb4 Bd1 55. Ba5 Bc2 56. Bb4 Bd3 57. Ba5 Ke5 58. Bb4 Kf5 59. Ba5 Kg4 60. Bc7 Bc4 61. Bd6 Bd3 62. Bc7 Kf5 63. Bd6 Ke6 64. Bb4 Kf5 65. Bd6 Ke6 66. Bb4 Kf5 1/2-1/2


[Site "https://www.chess.com"]

[Event "Titled Tuesday Blitz August 17 2021"]
[White "Nurmanova, Alua"]
[Black "Franchini, Gabriele"]
[WhiteFideId "13729390"]
[BlackFideId "806790"]
[WhiteElo "1869"]
[BlackElo "2215"]
[Result "1-0"]
[Round "03"]
[TimeControl "180+1"]
[Date "2021.08.18"]
[WhiteClock "0:00:03"]
[BlackClock "0:00:03"]

1. e4 e6 2. d4 d5 3. Nc3 Bb4 4. e5 c5 5. a3 Ba5 6. b4 cxd4 7. Nb5 Bc7 8. f4 Ne7 9. Nf3 a6 10. Nbxd4 Nbc6 11. Bd3 Bb6 12. Be3 Bd7 13. O-O Nxd4 14. Nxd4 Nc6 15. Be2 Nxd4 16. Bxd4 Qc7 17. c3 Bb5 18. Bxb5+ axb5 19. f5 exf5 20. Rxf5 O-O 21. Kh1 Bxd4 22. Qxd4 Rfc8 23. Qxd5 Rd8 24. Qf3 Rac8 25. Rf1 Rf8 26. h3 Qxc3 27. Qxb7 Qc6 28. Qe7 Qe6 29. Qxe6 fxe6 30. Rxf8+ Rxf8 31. Rxf8+ Kxf8 32. Kg1 Kf7 33. Kf2 Kg6 34. Ke3 Kf5 35. Kd4 g5 36. g3 h5 37. Kc5 Kxe5 38. Kxb5 Kd4 39. a4 e5 40. a5 e4 41. a6 e3 42. a7 e2 43. a8=Q e1=Q 44. Qd8+ Kc3 45. Qf6+ Kb3 46. Qf3+ Kc2 47. Qf5+ Kb3 48. Qd5+ Kb2 49. Qd4+ Kb3 50. Qc4+ Kb2 51. Qd4+ Kb3 52. Qd5+ Kb2 53. Qxg5 Qf1+ 54. Ka5 Qxh3 55. Qe5+ Kb3 56. Qd5+ Kb2 57. b5 Qxg3 58. b6 Qa3+ 59. Kb5 Qe7 60. b7 Qe8+ 61. Ka6 h4 62. Qb5+ Kc1 63. Qxe8 1-0


[Site "https://www.chess.com"]

[Event "Titled Tuesday Blitz August 17 2021"]
[White "Omariev, Maksim"]
[Black "Bologan, Victor"]
[WhiteFideId "4193423"]
[BlackFideId "13900048"]
[WhiteElo "2422"]
[BlackElo "2511"]
[Result "0-1"]
[Round "03"]
[TimeControl "180+1"]
[Date "2021.08.17"]
[WhiteClock "0:00:02"]
[BlackClock "0:01:02"]

1. g4 c6 2. Bg2 d5 3. g5 e5 4. h4 Bd6 5. d4 e4 6. c4 f5 7. Nc3 Ne7 8. Qb3 dxc4 9. Qxc4 Nd7 10. h5 Nb6 11. Qb3 Ned5 12. Nh3 Be6 13. Nxd5 Bxd5 14. Qc2 Qc7 15. Bd2 O-O-O 16. a4 Kb8 17. e3 Rhe8 18. Rg1 Nc4 19. Bc3 f4 20. b3 Na5 21. Rb1 fxe3 22. fxe3 c5 23. dxc5 Qxc5 24. Ke2 Nxb3 25. Rxb3 Bc4+ 26. Kf2 Rf8+ 27. Ke1 Qxe3+ 28. Kd1 Bb4+ 29. Bd2 Rxd2+ 0-1


[Site "https://www.chess.com"]

[Event "Titled Tuesday Blitz August 17 2021"]
[White "Ozen, Bahadir"]
[Black "Dahanayake, Isara Banidu"]
[WhiteFideId "6337058"]
[BlackFideId "9932631"]
[WhiteElo "2503"]
[BlackElo "1394"]
[Result "1/2-1/2"]
[Round "03"]
[TimeControl "180+1"]
[Date "2021.08.17"]
[WhiteClock "0:02:17"]
[BlackClock "0:02:31"]

1. g3 g6 2. Nf3 Bg7 3. d4 Nf6 4. Bg2 O-O 5. O-O d6 6. Re1 Nbd7 7. e4 e5 8. Nc3 Re8 9. h3 c6 10. a4 exd4 11. Nxd4 Nc5 12. Bf4 Nh5 13. Be3 Nf6 14. Bf4 Nh5 15. Be3 Nf6 16. Bf4 1/2-1/2


[Site "https://www.chess.com"]

[Event "Titled Tuesday Blitz August 17 2021"]
[White "Palacio,Igor Da Paz"]
[Black "Zemach, Roee"]
[WhiteFideId "2121140"]
[BlackFideId "2818531"]
[WhiteElo "2144"]
[BlackElo "2131"]
[Result "1/2-1/2"]
[Round "03"]
[TimeControl "180+1"]
[Date "2021.08.18"]
[WhiteClock "0:00:04"]
[BlackClock "0:00:14"]

1. e4 d5 2. exd5 Qxd5 3. Nc3 Qa5 4. d4 c6 5. Nf3 Nf6 6. Bd2 Bf5 7. Bc4 e6 8. Nd5 Qd8 9. Nxf6+ Qxf6 10. Qe2 h6 11. Bb3 Be7 12. Ne5 O-O 13. g4 Bg6 14. h4 c5 15. g5 Qf5 16. h5 Bh7 17. g6 fxg6 18. Nxg6 Bxg6 19. Bxe6+ Qxe6 20. Qxe6+ Bf7 21. Qg4 Kh8 22. O-O-O cxd4 23. Rhg1 Bf6 24. Bf4 Nc6 25. Bg3 Rae8 26. Bh4 Be6 27. Qg3 Be5 28. Qg2 Rf5 29. Rde1 Rg8 30. Bg3 Rg5 31. Qf3 Bg4 32. Qd3 Bf6 33. Bf4 Bf5 34. Bxg5 Bxd3 35. Bxf6 gxf6 36. Rxg8+ Kxg8 37. cxd3 Kf7 38. a3 Ne5 39. Kd2 Nf3+ 40. Ke2 Nxe1 41. Kxe1 Ke6 42. Ke2 Kf5 43. Kf3 Kg5 44. Ke4 Kxh5 45. Kxd4 Kg4 46. Kc5 h5 47. d4 h4 48. d5 h3 49. d6 h2 50. d7 h1=Q 51. d8=Q Qc6+ 52. Kd4 Kf5 53. Qg8 Qd6+ 54. Kc3 Ke5 55. Qg3+ Kd5 56. Qf3+ Ke6 57. Qe3+ Kd7 58. Qxa7 Qc6+ 59. Kd3 Qd5+ 60. Qd4 Kd6 61. Qxd5+ Kxd5 62. b3 f5 63. a4 Kc5 64. Kc3 Kd5 65. b4 Ke4 66. Kd2 Kd4 67. b5 Kc4 68. Ke3 Kb4 69. Kf4 Kxa4 70. Kxf5 Kxb5 71. Ke5 Kc4 72. f4 b5 73. f5 b4 74. f6 b3 75. f7 b2 76. f8=Q b1=Q 77. Qc8+ Kb3 78. Qb7+ Kc2 79. Qe4+ Kb2 80. Qb4+ Kc2 81. Qc4+ Kd2 82. Qd4+ Ke2 83. Qg4+ Ke3 84. Qg3+ Kd2 85. Qf4+ Kc3 86. Qd4+ Kc2 87. Qe4+ Kb2 88. Qd4+ Ka3 89. Qc5+ Kb3 90. Qd5+ Kc3 91. Qd4+ Kc2 92. Qe4+ 1/2-1/2


[Site "https://www.chess.com"]

[Event "Titled Tuesday Blitz August 17 2021"]
[White "Papasimakopoulos, Alexandros"]
[Black "Holt, Conrad"]
[WhiteFideId "4244125"]
[BlackFideId "2034387"]
[WhiteElo "2352"]
[BlackElo "2586"]
[Result "0-1"]
[Round "03"]
[TimeControl "180+1"]
[Date "2021.08.17"]
[WhiteClock "0:00:32"]
[BlackClock "0:00:40"]

1. d4 d5 2. c4 c6 3. cxd5 cxd5 4. Bf4 Nc6 5. e3 Nf6 6. Nc3 Bf5 7. Qb3 Na5 8. Qa4+ Bd7 9. Qc2 e6 10. Nf3 Be7 11. h3 O-O 12. Bd3 Rc8 13. O-O b5 14. a3 Nc4 15. Ne5 Nxe5 16. Bxe5 g6 17. Qe2 a6 18. a4 b4 19. Nb1 a5 20. Nd2 Qe8 21. Nb3 Bxa4 22. Nxa5 Ne4 23. f3 Nd6 24. b3 Bb5 25. Bxd6 Bxd3 26. Qxd3 Bxd6 27. Rfc1 Qd7 28. Qa6 Rc3 29. Qb7 Bc7 30. Rxc3 bxc3 31. Rc1 Qd6 32. b4 Qh2+ 33. Kf2 Bg3+ 34. Ke2 Qxg2+ 35. Kd3 Qd2# 0-1


[Site "https://www.chess.com"]

[Event "Titled Tuesday Blitz August 17 2021"]
[White "Pastar, Slaven"]
[Black "Sychev, Klementy"]
[WhiteFideId "14402718"]
[BlackFideId "4114060"]
[WhiteElo "2554"]
[BlackElo "2799"]
[Result "0-1"]
[Round "03"]
[TimeControl "180+1"]
[Date "2021.08.17"]
[WhiteClock "0:00:02"]
[BlackClock "0:00:28"]

1. d4 d5 2. c4 c6 3. cxd5 cxd5 4. Nf3 Nc6 5. Nc3 Nf6 6. Bf4 Nh5 7. Bd2 g6 8. Qb3 e6 9. Bg5 Qa5 10. g4 h6 11. gxh5 hxg5 12. hxg6 g4 13. gxf7+ Kxf7 14. Ne5+ Nxe5 15. dxe5 d4 16. Qc4 dxc3 17. bxc3 Qxe5 18. Bg2 Bd7 19. Rc1 Ba3 20. Rd1 Bb5 21. Qxg4 Qxc3+ 22. Kf1 Rad8 23. Qf4+ Qf6 24. Qc7+ Be7 25. Re1 Rd2 26. Bf3 Qxf3 27. Qxb7 Qxb7 0-1


[Site "https://www.chess.com"]

[Event "Titled Tuesday Blitz August 17 2021"]
[White "Pert, Richard G"]
[Black "Kuzubov, Yuriy"]
[WhiteFideId "404748"]
[BlackFideId "14112906"]
[WhiteElo "2441"]
[BlackElo "2564"]
[Result "0-1"]
[Round "03"]
[TimeControl "180+1"]
[Date "2021.08.17"]
[WhiteClock "0:00:07"]
[BlackClock "0:00:04"]

1. d4 Nf6 2. c4 e6 3. Nf3 d5 4. Nc3 Nbd7 5. Bg5 h6 6. Bh4 Be7 7. cxd5 exd5 8. e3 c6 9. Bd3 O-O 10. O-O Re8 11. Qc2 Ne4 12. Bxe7 Qxe7 13. h3 g6 14. Rab1 a5 15. a3 Kg7 16. b4 axb4 17. axb4 Ng5 18. Nxg5 hxg5 19. b5 Nf6 20. bxc6 bxc6 21. Ne2 Qd6 22. Rb6 Bd7 23. Rc1 Ra3 24. Bb5 Rc8 25. Bxc6 Ne4 26. Qb2 Bxc6 27. Rbxc6 Rxc6 28. Rxc6 Qxc6 29. Qxa3 Qc2 30. Qa6 Qd1+ 31. Kh2 Nxf2 32. Ng3 Qe1 33. Qd6 Qxe3 34. Qxd5 Nd3 35. Nf1 Qf4+ 36. Ng3 Kh6 37. Qe4 Nf2 38. Qxf4 gxf4 39. Ne2 Kg5 40. g3 f3 41. Ng1 Ng4+ 42. hxg4 Kxg4 43. d5 f2 44. Kg2 fxg1=Q+ 45. Kxg1 Kf5 46. Kf2 Ke5 47. Kf3 Kxd5 48. Kf4 f6 49. Kf3 Ke5 50. Ke3 Kf5 51. Kf3 Kg5 52. Kf2 Kg4 53. Kg2 f5 54. Kf2 Kh3 55. Kf3 g5 56. Kf2 g4 0-1


[Site "https://www.chess.com"]

[Event "Titled Tuesday Blitz August 17 2021"]
[White "Pichot, Alan"]
[Black "Silich, Yahor"]
[WhiteFideId "110973"]
[BlackFideId "13513656"]
[WhiteElo "2622"]
[BlackElo "2142"]
[Result "1-0"]
[Round "03"]
[TimeControl "180+1"]
[Date "2021.08.17"]
[WhiteClock "0:00:54"]
[BlackClock "0:00:03"]

1. e4 c5 2. Nf3 Nc6 3. d4 cxd4 4. Nxd4 g6 5. c4 Bg7 6. Be3 Nf6 7. Nc3 O-O 8. Be2 d6 9. O-O Bd7 10. h3 a6 11. Re1 Qb8 12. Nd5 Nxd5 13. exd5 Nxd4 14. Bxd4 b5 15. Bf1 Re8 16. Bxg7 Kxg7 17. Qd4+ Kg8 18. Re3 e5 19. dxe6 Bxe6 20. cxb5 axb5 21. a3 Rc8 22. Rd1 Rc2 23. h4 Qa7 24. Qxd6 Rxb2 25. h5 gxh5 26. Rd5 h6 27. Rxh5 Kh7 28. Qf4 1-0


[Site "https://www.chess.com"]

[Event "Titled Tuesday Blitz August 17 2021"]
[White "Poormosavi, Seyed Kian"]
[Black "Maksimovic, Bojan"]
[WhiteFideId "12585807"]
[BlackFideId "14408120"]
[WhiteElo "2134"]
[BlackElo "2439"]
[Result "1-0"]
[Round "03"]
[TimeControl "180+1"]
[Date "2021.08.17"]
[WhiteClock "0:00:18"]
[BlackClock "0:00:07"]

1. e4 c5 2. Nf3 Nc6 3. c3 d5 4. Bd3 dxe4 5. Bxe4 Nf6 6. Bxc6+ bxc6 7. Qa4 Qb6 8. Ne5 Qb5 9. Qf4 g5 10. Qxg5 Rg8 11. Qf4 Rxg2 12. Na3 Qb8 13. Nac4 Be6 14. d3 Bxc4 15. Nxc4 Qxf4 16. Bxf4 Rg8 17. O-O-O Nd5 18. Bg3 f6 19. Rde1 Kf7 20. Kc2 h5 21. Re4 Rg4 22. Rxg4 hxg4 23. h3 gxh3 24. Rxh3 Bg7 25. Na5 Rc8 26. Nb7 c4 27. dxc4 Nb6 28. b3 e5 29. Nd6+ Ke6 30. Nxc8 Nxc8 31. Rh7 Kf7 32. Rh1 Ke6 33. Rd1 Ke7 34. f4 e4 35. f5 Kf7 36. Re1 Ne7 37. Rxe4 Nxf5 38. Bf2 Nd6 39. Rd4 Ke6 40. Rd1 a6 41. Bc5 Ne4 42. Bb6 f5 43. Rd8 Nxc3 44. a4 Ne4 45. a5 f4 46. Kd3 Nd6 47. Ra8 Nf7 48. Rxa6 Kf5 49. Ra7 Ne5+ 50. Ke2 f3+ 51. Kf1 Bh6 52. Rh7 Bd2 53. a6 Ng4 54. a7 Ne3+ 55. Bxe3 Bxe3 56. a8=Q Ke4 57. Qe8+ Kd3 58. Rd7+ Kc3 59. Qxe3+ Kb4 60. Qb6+ Kc3 61. Qd4+ Kb4 62. Rb7+ Ka3 63. Qa1# 1-0


[Site "https://www.chess.com"]

[Event "Titled Tuesday Blitz August 17 2021"]
[White "Pourkashiyan, Atousa"]
[Black "Simonovic, Miroslav"]
[WhiteFideId "12502014"]
[BlackFideId "919152"]
[WhiteElo "2285"]
[BlackElo "2043"]
[Result "1-0"]
[Round "03"]
[TimeControl "180+1"]
[Date "2021.08.18"]
[WhiteClock "0:00:09"]
[BlackClock "0:00:01"]

1. e4 c5 2. Nf3 Nc6 3. d4 cxd4 4. Nxd4 e5 5. Nb5 d6 6. N1c3 a6 7. Na3 b5 8. Nd5 Nf6 9. Bg5 Be7 10. Bxf6 Bxf6 11. c4 b4 12. Nc2 Rb8 13. Be2 O-O 14. O-O Bg5 15. Qd3 Be6 16. Rad1 Qd7 17. b3 Rfd8 18. Bf3 Ne7 19. Ncxb4 a5 20. Nxe7+ Bxe7 21. Nd5 Bxd5 22. Qxd5 a4 23. Rd3 axb3 24. axb3 Qb7 25. Qa5 Qb6 26. Qd2 Qb4 27. Qd1 Rdc8 28. Bh5 g6 29. Bg4 Rc7 30. Rh3 Qa3 31. Qc2 Rcb7 32. Bd1 Bg5 33. Rg3 Bf4 34. Rd3 Qc5 35. h4 f5 36. Rd5 Qc8 37. Rxd6 Rxb3 38. Qxb3 Rxb3 39. Bxb3 Qc5 40. Rfd1 Bg3 41. R1d2 Bxh4 42. exf5 gxf5 43. Ba2 Qb4 44. c5+ Kg7 45. c6 Bg5 46. c7 Bxd2 47. c8=Q Qxd6 48. Qxf5 Bf4 49. Qg4+ Kf6 50. Qh4+ Kg7 51. Qg4+ Qg6 52. Qd7+ Kh6 53. Qh3+ Qh5 54. Qe6+ Qg6 55. Qd5 Qf5 56. g3 Bg5 57. Qc6+ Bf6 58. Bd5 Kg5 59. Be4 Qg4 60. Qb7 Qd1+ 61. Kg2 Qd6 62. Qxh7 1-0


[Site "https://www.chess.com"]

[Event "Titled Tuesday Blitz August 17 2021"]
[White "Primbetov, Kazbek"]
[Black "Stoyanov, Tsvetan"]
[WhiteFideId "13702297"]
[BlackFideId "2917173"]
[WhiteElo "2184"]
[BlackElo "2191"]
[Result "1-0"]
[Round "03"]
[TimeControl "180+1"]
[Date "2021.08.17"]
[WhiteClock "0:00:10"]
[BlackClock "0:00:01"]

1. d4 d5 2. Bf4 Nf6 3. e3 c5 4. c3 Nc6 5. Nd2 Nh5 6. Qxh5 g6 7. Qd1 Bg7 8. Ngf3 Qb6 9. Qb3 Qd8 10. h4 h5 11. Ne5 Nxe5 12. Bxe5 Bxe5 13. dxe5 O-O 14. Be2 Be6 15. Nf3 Qc7 16. Qa4 Bg4 17. Qf4 Qb6 18. b3 Qa5 19. b4 Qa3 20. O-O Qxc3 21. bxc5 Qxc5 22. Qh6 Bxf3 23. Bxf3 Rad8 24. Qg5 Kh7 25. Rfc1 Qa3 26. Rc7 d4 27. exd4 Rxd4 28. Rxe7 Qb2 29. Rf1 Qxa2 30. e6 a5 31. exf7 Rxf7 32. Rxf7+ Qxf7 33. Rb1 Rd7 34. Qxa5 Qf6 35. Qg5 Qa6 36. Be4 b5 37. Qxh5+ 1-0


[Site "https://www.chess.com"]

[Event "Titled Tuesday Blitz August 17 2021"]
[White "Przybylski, Wojciech"]
[Black "Laurusas, Tomas"]
[WhiteFideId "1117599"]
[BlackFideId "12803731"]
[WhiteElo "2250"]
[BlackElo "2542"]
[Result "0-1"]
[Round "03"]
[TimeControl "180+1"]
[Date "2021.08.17"]
[WhiteClock "0:00:04"]
[BlackClock "0:00:09"]

1. e4 d6 2. d4 Nf6 3. Nc3 Nbd7 4. Nf3 e5 5. Bc4 c6 6. dxe5 dxe5 7. Ng5 Qa5 8. Bxf7+ Ke7 9. Bb3 h6 10. Nf7 Rh7 11. Qd6+ Ke8 12. Qe6+ Be7 13. Nd6+ Kd8 14. Nxc8 Rxc8 15. Be3 Bb4 16. O-O Kc7 17. Rad1 Rd8 18. Qf5 Bxc3 19. bxc3 Rhh8 20. Rd3 Rhe8 21. Rfd1 Re7 22. h3 Rf8 23. Qg6 Nc5 24. Bxc5 Qxc5 25. R1d2 a5 26. a4 Kb6 27. Kh2 Ka7 28. f3 h5 29. Qg3 Rh8 30. Qe1 h4 31. Qd1 Nh5 32. Qg1 Kb6 33. Rd7 Rhe8 34. Qxc5+ Kxc5 35. Kg1 Nf4 36. Kf2 Kb6 37. Rxe7 Rxe7 38. Rd8 Kc7 39. Rd2 Re8 40. Rd1 Rf8 41. Rd2 Rf6 42. Ke3 Rg6 43. c4 Nxg2+ 44. Kd3 Nf4+ 45. Kc3 Nxh3 46. Rh2 Rg3 47. Kb2 g5 48. c5 Nf4 49. Be6 Rxf3 50. Bc4 Re3 51. Bb3 Rxe4 52. Rd2 h3 53. Rd1 g4 54. Rf1 h2 55. Rh1 g3 56. Rd1 g2 57. Rd6 h1=Q 58. Rf6 g1=Q 59. Rf7+ Kd8 60. Rf8+ Ke7 61. Rb8 Qa1# 0-1


[Site "https://www.chess.com"]